Map: Bridgehead LE (Void)

Players

Zeratul - Winner!

  • Race: Zerg Zerg
  • League: Grandmaster

wabbajack

  • Race: Zerg Zerg
  • League: Grandmaster

VOD

Have the link to the VOD?

Description

Time

  • Played on: July 15, 2015, 11:43 a.m.
  • Length: 3:20
Show
View Real Time Build Order
Export as new Build Order

Zeratul Zerg - Winner!

Build Orders: Pool Only 

Get SALT Encoding   

  12  0:19  Spawning Pool  
  12  0:21  Extractor  
  10  0:29  Overlord  
  10  1:06  Zergling x2  
  10  1:07  Zergling x4  
  10  1:08  Queen  
  15  1:20  Zergling x2  
  16  1:29  Metabolic Boost  
  16  1:34  Zergling x2  
  17  1:41  Zergling x2  
  18  2:01  Zergling x4  
  20  2:13  Zergling x2  
  21  2:17  Zergling x2  
  21  2:19  Overlord  
  22  2:39  Zergling x2  
  22  2:40  Zergling x4  
  25  2:49  Zergling x2  
  25  2:50  Zergling x6  
  29  3:00  Zergling x2  
Show
View Real Time Build Order
Export as new Build Order

wabbajack Zerg 

Build Orders: Hatch First 

Get SALT Encoding   

  12  0:03  Drone  
  13  0:13  Overlord  
  13  0:19  Drone  
  14  0:31  Extractor  
  14  0:32  Drone  
  15  0:49  Hatchery  
  14  1:00  Drone x3  
  17  1:09  Extractor  
  16  1:12  Drone  
  17  1:22  Spawning Pool  
  16  1:29  Drone  
  17  1:34  Drone  
  18  1:43  Overlord  
  18  1:54  Drone  
  19  2:09  Queen  
  19  2:10  Queen  
  19  2:15  Drone  
  24  2:24  Drone x3  
  24  2:25  Drone  
  28  2:30  Drone  
  29  2:40  Roach Warren  
  30  2:54  Overlord  
  30  3:05  Drone x2  
  32  3:07  Drone  
Tags
 
Add a new tag
Caveats
  • Supply blocks, unpowered buildings, or Contaminate may cause inaccurate times.
  • Supply counts are checked every 10 seconds.